 Dungeon Crawl Stone Soup version 0.28-a0-691-gad6df49e81 (webtiles) character file.

Game seed: 18097024518421374814

112 KoroneIsBestGirl the Chiller (level 4, -3/26 (30) HPs)
             Began as a Barachi Ice Elementalist on Oct 21, 2021.
             Slain by a necrophage (4 damage)
             ... on level 4 of the Dungeon.
             The game lasted 00:02:49 (2929 turns).

KoroneIsBestGirl the Chiller (BaIE)                 Turns: 2929, Time: 00:02:50

HP:   -3/26 (30)    AC:  2    Str: 16    XL:     4   Next: 95%
MP:   8/8           EV: 12    Int: 16    God:
Gold: 137           SH:  0    Dex: 12    Spells: 5/9 levels left

rFire   . . .      SeeInvis .   i - +1 falchion (elec)
rCold   . . .      Faith    .   (no shield)
rNeg    . . .      Spirit   .   a - +0 robe
rPois   .          Reflect  .   (no helmet)
rElec   .          Harm     .   (no cloak)
rCorr   .          Rampage  .   (no gloves)
Will    .....                   (no boots)
Stlth   ++........              (no amulet)
HPRegen 0.08/turn               d - +6 ring of strength
MPRegen 0.11/turn               (no ring)

@: unable to hop, heavily drained, slow
A: amphibious, slowness 1, strong legs 1, +LOS
a: Hop


You were on level 4 of the Dungeon.
You visited 1 branch of the dungeon, and saw 4 of its levels.

You collected 137 gold pieces.

Inventory:

Hand Weapons
 b - a +0 dagger
 i - a +1 falchion of electrocution (weapon)
Armour
 a - a +0 robe (worn)
 j - a +0 ring mail
Jewellery
 d - a +6 ring of strength (left hand)
Wands
 f - a wand of iceblast (11)
 m - a wand of charming (8)
Scrolls
 k - a scroll of teleportation
 l - a scroll of fear
Potions
 c - a potion of mutation {unknown}
 g - a potion of degeneration {unknown}
 h - a potion of resistance {unknown}


   Skills:
 * Level 1.2 Short Blades
 + Level 3.2 Dodging
 - Level 1.8 Stealth
 + Level 3.2 Spellcasting
 + Level 5.9 Ice Magic


You had 5 spell levels left.
You knew the following spells:

 Your Spells              Type           Power      Damage    Failure   Level
a - Freeze                Ice            84%        1d10      1%          1
b - Frozen Ramparts       Ice            42%        1d6       4%          3

Your spell library contained the following spells:

 Spells                   Type           Power      Damage    Failure   Level
 Ozocubu's Armour         Ice            21%        N/A       4%          3
 Hailstorm                Conj/Ice       12%        3d5       47%         4


Dungeon Overview and Level Annotations

Branches:
Dungeon (4/15)
 Temple: D:4-7

Altars:
Wu Jian

Shops:
D:4 :


Innate Abilities, Weirdness & Mutations

You are amphibious.
You cover ground slowly.
You can hop short distances.
You have an extended range of vision and can be seen from far away.


Message History

You barely miss the necrophage.
The necrophage is lightly damaged.
The necrophage barely misses you.
You closely miss the necrophage.
The necrophage is lightly damaged.
The necrophage closely misses you.
You closely miss the necrophage.
The necrophage is lightly damaged.
The necrophage hits you.
You are too injured to fight recklessly!
You are too injured to fight recklessly!
You are too injured to fight recklessly!
You are too injured to fight recklessly!
You are too injured to fight recklessly!
You are too injured to fight recklessly!
You are too injured to fight recklessly!
You are too injured to fight recklessly!
You are too injured to fight recklessly!
You are too injured to fight recklessly!
You are too injured to fight recklessly!
You are too injured to fight recklessly!
Hop to where?
Press: ? - help, Dir - move target Boing!
You completely miss the necrophage.
The necrophage is lightly damaged.
The necrophage hits you.
You feel drained. The necrophage hits you.
* * * LOW HITPOINT WARNING * * *
You hit the necrophage but do no damage.
Lightning courses through the necrophage!!
The necrophage is severely damaged.
The necrophage hits you.
* * * LOW HITPOINT WARNING * * *
You feel drained.
* * * LOW HITPOINT WARNING * * *
Okay, then.
You closely miss the necrophage.
The necrophage is severely damaged.
The necrophage hits you.
You die...

...... #..#.#
..#.# ###.#.#
#..∩..####
#.#.#....
##[..#..# ##
####....(.<##.....
........n@....#
####.!..........#
##...#$....#.#
##........# #
####.......
#.........
..######## ###


You could see a necrophage.

Vanquished Creatures
  An orc priest (D:3)
  An orc wizard (D:3)
  An adder (D:2)
  5 orcs (D:3)
  5 endoplasms
  3 giant cockroaches
  2 goblins
  2 hobgoblins
  2 kobolds
  2 quokkas (D:1)
  6 ball pythons
  4 bats
  3 frilled lizards (D:1)
  6 rats
43 creatures vanquished.

Notes
Turn   | Place    | Note
-------+----------+-------------------------------------------
     0 | D:1      | KoroneIsBestGirl the Barachi Ice Elementalist began the
                  | quest for the Orb.
     0 | D:1      | Reached XP level 1. HP: 13/13 MP: 3/3
   155 | D:1      | Reached skill level 5 in Ice Magic
   168 | D:1      | Reached XP level 2. HP: 18/19 MP: 0/5
  1162 | D:2      | Found an ornate altar of the Wu Jian Council.
  1221 | D:2      | Found a faded altar of an unknown god.
  1276 | D:2      | Reached XP level 3. HP: 24/24 MP: 6/6
  1280 | D:2      | Learned a level 3 spell: Frozen Ramparts
  1702 | D:3      | Reached XP level 4. HP: 20/30 MP: 0/8
  2518 | D:3      | Reached skill level 1 in Short Blades
  2915 | D:4      | Noticed a necrophage
  2916 | D:4      | Found Zualecadol's Book Shoppe.
  2928 | D:4      | HP: 1/26 [necrophage (1)]
  2929 | D:4      | Slain by a necrophage

Illustrated notes

Levels and vault maps discovered:
D:1:      lightli_arrival_statue_moat, layout_rooms
D:2:      layout_basic, chequers_ecumenical_altar_island, basic_altar
D:3:      layout_loops_corners, serial_bayou_pond_a, kennysheep_minor_cross
D:4:      layout_loops_ring, serial_shops, nicolae_shop_crystal

Skill      XL: |  1  2  3  4 |
---------------+-------------+-----
Ice Magic      | 5 |  5.9
Dodging        | 3 |  3.2
Spellcasting   | 3 |  3.2
Short Blades   | 1 |  1.2
Stealth        | |  1.8

Action                   |  1- 3 |  4- 6 || total
-------------------------+-------+-------++-------
Melee: Unarmed           |     6 |       ||     6
       Dagger            |     6 |     1 ||     7
       Falchion          |       |    53 ||    53
 Cast: Freeze            |    34 |     4 ||    38
       Frozen Ramparts   |     1 |     1 ||     2
 Abil: Hop               |       |     1 ||     1
  Use: Scroll            |       |     2 ||     2
 Stab: Sleeping          |       |     1 ||     1
Armor: Robe              |     6 |    14 ||    20
Dodge: Dodged            |    15 |    48 ||    63

Table legend: (Time is in decaauts)
 A = Elapsed time spent in this place.
 B = Non-inter-level travel time spent in this place.
 C = Inter-level travel time spent in this place.
 D = Time resting spent in this place.
 E = Time spent auto-exploring this place.
 F = Levels seen in this place.
 G = Mean time per level.
                   A        B        C        D        E       F      G
               +--------+--------+--------+--------+--------+-----+--------+
         Total |   3241 |   3074 |    167 |      0 |   2720 |   4 |  810.2 |
       Dungeon |   3241 |   3074 |    167 |      0 |   2720 |   4 |  810.2 |
               +--------+--------+--------+--------+--------+-----+--------+

Top non-repeatable levels by time:
     D:3: 1430 daAuts
     D:1: 1124 daAuts
     D:2: 668 daAuts
     D:4: 18 daAuts
